 Dungeon Crawl Stone Soup version 0.25-a0-1137-g7f6bfe439b (webtiles) character file.

Game seed: 9778210008479259740, levelgen mode: deterministic

1752 tilp the Combatant (level 9, -5/55 HPs)
             Began as a Kobold Arcane Marksman on May 23, 2020.
             Was a Follower of Okawaru.
             Slain by an ogre
             ... wielding a +0 giant spiked club
              (20 damage)
             ... on level 7 of the Dungeon.
             The game lasted 00:22:57 (10017 turns).

tilp the Combatant (Kobold Arcane Marksman)        Turns: 10017, Time: 00:22:57

Health: -5/55      AC: 12    Str: 11    XL:     9   Next: 27%
Magic:  14/14      EV:  9    Int: 14    God:    Okawaru [*.....]
Gold:   251        SH:  0    Dex: 15    Spells: 9/10 levels left

rFire    . . .     SeeInvis .   a - +1 hand crossbow
rCold    . . .     Gourm    .   (shield restricted)
rNeg     . . .     Faith    .   k - +0 chain mail
rPois    .         Spirit   .   w - +1 helmet
rElec    .         Reflect  .   (no cloak)
rCorr    .         Harm     .   s - +1 pair of gloves
MR       .....                  (no boots)
Stlth    ..........             (no amulet)
HPRegen  0.18/turn              (no ring)
MPRegen  0.14/turn              (no ring)

@: no status effects
A: small, carnivore
a: Heroism, Renounce Religion


You were on level 7 of the Dungeon.
You worshipped Okawaru.
Okawaru was aware of your devotion.
You were completely stuffed.

You visited 2 branches of the dungeon, and saw 8 of its levels.

You collected 264 gold pieces.
You spent 13 gold pieces at shops.

Inventory:

Hand Weapons
 a - a +1 hand crossbow (weapon)
 b - a +2 vampiric hand axe
 e - a +0 war axe
 t - a +4 dagger of freezing
 B - a cursed -1 flail
 E - a +2 dagger of venom
 H - a +1 dagger of freezing
Missiles
 d - 43 bolts (quivered)
 y - 15 poisoned darts
 D - 4 boomerangs
Armour
 k - a +0 chain mail (worn)
 s - a +1 pair of gloves (worn)
 w - a +1 helmet (worn)
Jewellery
 m - an uncursed ring of protection from cold {unknown}
 v - an uncursed ring of fire {unknown}
Wands
 f - a wand of polymorph (7)
 x - a wand of random effects (13)
Scrolls
 h - a scroll of noise {unknown}
 l - a scroll of magic mapping {unknown}
 n - 2 scrolls of teleportation
 o - a scroll of enchant weapon
 p - a scroll of blinking {unknown}
 u - 2 scrolls of fog
Potions
 g - a potion of cancellation
 j - a potion of lignification {unknown}
 q - a potion of flight
 r - a potion of ambrosia {unknown}
 z - a potion of resistance {unknown}
 A - a potion of might {unknown}
 F - a potion of stabbing {unknown}
 G - a potion of brilliance {unknown}
Comestibles
 c - 10 rations
 C - 3 chunks of flesh


   Skills:
 - Level 6.0 Fighting
 - Level 6.0 Crossbows
 - Level 6.0 Dodging
 - Level 4.0 Stealth
 - Level 1.1 Spellcasting
 - Level 3.0 Hexes
 + Level 7.3 Invocations


You had 9 spell levels left.
You knew the following spells:

 Your Spells              Type           Power        Failure   Level  Hunger
a - Corona                Hex            #......      99%         1    ##.....

Your spell library contained the following spells:

 Spells                   Type           Power        Failure   Level  Hunger
 Beastly Appendage        Tmut           #.....       100%        1    ##.....
 Summon Small Mammal      Summ           #...         100%        1    ##.....
 Call Imp                 Summ           #.......     100%        2    ###....
 Slow                     Hex            #.......     100%        2    ###....
 Sticks to Snakes         Tmut           #.......     100%        2    ###....
 Call Canine Familiar     Summ           #.......     100%        3    ####...
 Inner Flame              Hex/Fire       #.......     100%        3    ####...
 Portal Projectile        Hex/Tloc       #.....       100%        3    ####...
 Spider Form              Tmut/Pois      #.........   100%        3    ####...
 Summon Guardian Golem    Hex/Summ       #.......     100%        3    ####...
 Cause Fear               Hex            #.........   100%        4    #####..
 Ice Form                 Ice/Tmut       #.......     100%        4    #####..
 Leda's Liquefaction      Hex/Erth       #.........   100%        4    #####..
 Summon Ice Beast         Ice/Summ       #.......     100%        4    #####..
 Summon Lightning Spire   Summ/Air       #.......     100%        4    #####..
 Blade Hands              Tmut           #.........   100%        5    ######.


Dungeon Overview and Level Annotations

Branches:
Dungeon (7/15)             Temple (1/1) D:4

Altars:
Ashenzari
Cheibriados
Dithmenos
Elyvilon
Fedhas
Gozag
Hepliaklqana
Kikubaaqudgha
Makhleb
Nemelex Xobeh
Okawaru
Qazlal
Ru
Sif Muna
Trog
Uskayaw
Vehumet
Wu Jian
Xom
Yredelemnul
Zin
The Shining One

Shops:
D:4 ![*}}

Annotations:
D:3 exclusion: oklob plant
D:4 !2he SW corner
D:5 Edmund
D:7 1 runed translucent door, 2 exclusions, Crazy Yiuf


Innate Abilities, Weirdness & Mutations

You are small and have problems with some larger weapons.
You are carnivorous and can eat meat at any time.


Message History

Firing (i - inventory. (/) - cycle)
d - 47 bolts (quivered)
Press: ? - help, Shift-Dir - straight line, f/p - ogre
Aim: an ogre, wielding a +0 giant spiked club (heavily wounded)
You shoot a bolt. The bolt barely misses the ogre.
The ogre closely misses you.
Firing (i - inventory. (/) - cycle)
d - 46 bolts (quivered)
Press: ? - help, Shift-Dir - straight line, f/p - ogre
Aim: an ogre, wielding a +0 giant spiked club (heavily wounded)
You shoot a bolt. The bolt hits the ogre!
The ogre is almost dead.
The ogre closely misses you.
Firing (i - inventory. (/) - cycle)
d - 45 bolts (quivered)
Press: ? - help, Shift-Dir - straight line, f/p - ogre
Aim: an ogre, wielding a +0 giant spiked club (almost dead)
You shoot a bolt. The bolt barely misses the ogre.
The ogre barely misses you.
Firing (i - inventory. (/) - cycle)
d - 44 bolts (quivered)
Press: ? - help, Shift-Dir - straight line, f/p - ogre
Aim: an ogre, wielding a +0 giant spiked club (almost dead)
You shoot a bolt. The bolt barely misses the ogre.
The ogre hits you with a +0 giant spiked club!!
You die...

..O ..####### #..#### #
...(..# .........
##.###O.#.# #.#..####
#.......#.# ........
#..#....#.# #..#####
#.......#.# .. #
#.##.##.#.##############.##
# # #.
#(..((O@............# # #
#.######.....## #.# # #.#
.....# #.## # #.# .....#
#..# # ..# ##+### ##.###
### #..## ##.## #..# ##.#


You could see an ogre.

Vanquished Creatures
  Sigmund (D:4)
  A water moccasin (D:6)
  A sky beast (D:6)
  An ice beast (D:6)
  2 ogres
  A centaur (D:6)
  A bullfrog (D:6)
  2 scorpions
  2 crimson imps
  7 hounds
  2 jellies (D:6)
  An orc priest (D:6)
  A bullfrog skeleton (D:7)
  Terence (D:3)
  2 iguanas
  Natasha (D:2)
  A worker ant (D:7)
  4 orc wizards
  A killer bee zombie (D:4)
  A worker ant zombie (D:5)
  4 gnolls
  8 adders
  2 adder skeletons (D:4)
  A worm (D:2)
  3 leopard geckos
  25 orcs
  6 giant cockroaches
  6 goblins
  8 hobgoblins
  6 jackals
  4 quokkas
  A ball python (D:1)
  8 bats
  9 frilled lizards
  4 kobolds
  A leopard gecko skeleton (D:6)
  A quokka skeleton (D:6)
  7 rats
138 creatures vanquished.

Notes
Turn   | Place    | Note
-------+----------+-------------------------------------------
     0 | D:1      | tilp the Kobold Arcane Marksman began the quest for the
                  | Orb.
     0 | D:1      | Reached XP level 1. HP: 12/12 MP: 2/2
   327 | D:1      | Reached XP level 2. HP: 17/17 MP: 3/3
  1377 | D:1      | Reached XP level 3. HP: 9/23 MP: 4/4
  1843 | D:1      | Reached XP level 4. HP: 17/29 MP: 5/5
  2581 | D:2      | Reached XP level 5. HP: 23/33 MP: 6/6
  3181 | D:2      | Found a shimmering altar of Xom.
  3237 | D:2      | Found a glowing silver altar of Zin.
  3403 | D:3      | Found a shadowy altar of Dithmenos.
  3407 | D:3      | Noticed Natasha
  3417 | D:2      | Killed Natasha
  3913 | D:3      | Reached skill level 5 in Crossbows
  4033 | D:3      | Reached XP level 6. HP: 35/38 MP: 7/7
  4108 | D:3      | Found a blossoming altar of Fedhas.
  4129 | D:3      | Noticed an oklob plant
  4526 | D:3      | Noticed Terence
  4559 | D:3      | Killed Terence
  4920 | D:4      | Found Bovven's General Store.
  4922 | D:4      | Noticed an ogre
  4931 | D:4      | Killed an ogre
  4931 | D:4      | Reached skill level 1 in Stealth
  5213 | D:4      | Found Xoxibrusm's Gadget Boutique.
  5352 | D:4      | Found a sacrificial altar of Ru.
  5393 | D:4      | Noticed Sigmund
  5417 | D:4      | Killed Sigmund
  5417 | D:4      | Reached XP level 7. HP: 18/44 MP: 8/8
  5680 | D:4      | Reached skill level 5 in Fighting
  5899 | D:4      | Noticed a two-headed ogre
  6002 | D:4      | Found Binemius's Distillery.
  6010 | D:4      | Bought a potion of degeneration for 13 gold pieces
  6025 | D:4      | Found Elyvioja's Armour Shop.
  6044 | D:4      | Found a staircase to the Ecumenical Temple.
  6257 | Temple   | Entered the Ecumenical Temple
  6403 | Temple   | Became a worshipper of Warmaster Okawaru
  6475 | D:5      | Entered Level 5 of the Dungeon
  6629 | D:4      | Reached XP level 8. HP: 29/50 MP: 9/9
  6741 | D:4      | Found Xuschobupp's Gadget Boutique.
  7005 | D:5      | Reached skill level 5 in Dodging
  7427 | D:5      | Noticed Edmund
  7901 | D:6      | Reached skill level 1 in Invocations
  7971 | D:6      | Reached skill level 2 in Invocations
  8064 | D:6      | Reached skill level 3 in Invocations
  8185 | D:6      | Reached * piety under Okawaru
  8425 | D:6      | Reached skill level 4 in Invocations
  8585 | D:6      | Reached skill level 5 in Invocations
  8647 | D:6      | Reached XP level 9. HP: 55/55 MP: 11/13
  8988 | D:6      | Reached skill level 6 in Invocations
  9134 | D:7      | Found a runed translucent door.
  9135 | D:7      | Noticed Crazy Yiuf
  9668 | D:7      | Reached skill level 7 in Invocations
 10017 | D:7      | Slain by an ogre

Illustrated notes

Levels and vault maps discovered:
D:1:      erik_arrival_blinker_ship, layout_basic, minmay_tetromino_o2
D:2:      layout_loops_ring, marbit_many_paths, zin_statuary,
          minmay_misc_feat_diagonals, hex_large
D:3:      minmay_chambers_of_threes, layout_rooms, tgw_fedhas,
          grunt_dithmenos_smoke, uniq_natasha, uniq_terence
D:4:      layout_rooms, minmay_temple_entry_poolview, serial_shops,
          nicolae_shop_trees, shop, nicolae_shop_stone, shop, shop,
          nicolae_ru_awakened_eye, uniq_sigmund
D:5:      layout_cave_pools, first_ration, kennysheep_decorative_pillar,
          uniq_edmund
D:6:      layout_basic, minivault_27, chequers_serial_rivers_micro_b
D:7:      statuecave_lemuel, layout_basic, uniq_crazy_yiuf_cottage
Temple:   regret_index_temple_mists

Skill      XL: |  1  2  3  4  5  6  7  8  9 |
---------------+----------------------------+-----
Fighting       | 2 3 4 5 6 |  6.0
Crossbows      | 4 5 6 |  6.0
Stealth        | 3 4 |  4.0
Dodging        | 3 4 6 |  6.0
Invocations    | 5 7 |  7.3
Spellcasting   | |  1.1
Hexes          | |  3.0

Action                   |  1- 3 |  4- 6 |  7- 9 || total
-------------------------+-------+-------+-------++-------
Melee: Short sword       |   108 |   111 |       ||   219
       Dagger            |    16 |       |       ||    16
       Hand axe          |       |   113 |   307 ||   420
 Fire: Hand crossbow     |    28 |    69 |    82 ||   179
Evoke: Wand              |       |       |     3 ||     3
  Use: Scroll            |       |     4 |     8 ||    12
       Potion            |       |       |     5 ||     5
 Stab: Paralysed         |       |       |     7 ||     7
  Eat: Chunk             |    11 |    12 |    15 ||    38
Armor: Chain mail        |   101 |   192 |   228 ||   521
       Robe              |     2 |       |       ||     2
Dodge: Dodged            |    46 |    93 |   168 ||   307

Table legend:
 A = Non-vault XP
 B = Vault XP
 C = Vault XP percentage of total XP
 D = Non-vault monster count
 E = Vault monster count
 F = Vault count percentage of total count
                 A         B        C        D         E       F
            +---------+---------+-------+---------+---------+-------
      Total |    2154 |     350 |  14.0 |     120 |      18 |  13.0
            +---------+---------+-------+---------+---------+-------
        D:1 |      69 |       4 |   5.5 |      20 |       2 |   9.1
        D:2 |      92 |      37 |  28.7 |      26 |       2 |   7.1
        D:3 |      42 |      89 |  67.9 |      15 |      13 |  46.4
        D:4 |     449 |     220 |  32.9 |      19 |       1 |   5.0
        D:5 |     148 |       0 |   0.0 |       8 |       0 |   0.0
        D:6 |    1010 |       0 |   0.0 |      19 |       0 |   0.0
        D:7 |     344 |       0 |   0.0 |      13 |       0 |   0.0
            +---------+---------+-------+---------+---------+-------
